 Dungeon Crawl Stone Soup version 0.31-a0-986-g5e6e4ef867 (webtiles) character file.

Game seed: 5581394157632026948

3655 Spaninq the Destroyer (level 9, -3/78 HPs)
             Began as a Black Draconian Conjurer on Nov 18, 2023.
             Was a Priest of Sif Muna.
             Slain by a cyan ugly thing (11 damage)
             ... on level 7 of the Dungeon.
             The game lasted 00:25:12 (8741 turns).

Spaninq the Destroyer (Black Draconian Conjurer)    Turns: 8741, Time: 00:25:17

Health: -3/78      AC:  8    Str: 10    XL:     9   Next: 88%
Magic:  25/30      EV: 27    Int: 23    God:    Sif Muna [***...]
Gold:   426        SH:  0    Dex:  9    Spells: 22/25 levels left

rFire   + . .        e - +2 whip (elec)
rCold   . . .        (no shield)
rNeg    . . .        (body armour unavailable)
rPois   .            (helmet restricted)
rElec   +            (no cloak)
rCorr   .            B - +0 pair of gloves
SInv    .            (no boots)
Will    .....        b - amulet of the acrobat
Stlth   ++           o - ring of magical power
HPRegen 0.33/turn    y - ring of protection from fire
MPRegen 0.22/turn

%: acrobat
@: acrobatic
A: breathe lightning, AC +7, unfitting armour, electricity resistance,
cold-blooded
a: Breathe Lightning, Renounce Religion, Channel Magic, Forget Spell


You were on level 7 of the Dungeon.
You worshipped Sif Muna.
Sif Muna was most pleased with you.
You visited 2 branches of the dungeon, and saw 9 of its levels.

You collected 426 gold pieces.

Inventory:

Hand Weapons
 e - a +2 whip of electrocution (weapon)
Armour
 B - a +0 pair of gloves (worn)
Magical Staves
 p - a staff of fire
Jewellery
 b - an amulet of the acrobat (around neck)
 f - a ring of resist corrosion
 h - a ring of flight
 o - a ring of magical power (left hand)
 y - a ring of protection from fire (right hand)
Talismans
 l - a dragon-blood talisman
Wands
 s - a wand of polymorph (5)
 A - a wand of flame (45)
Scrolls
 j - a scroll of torment
 k - a scroll of identify
 q - a scroll of poison
 v - a scroll of revelation
Potions
 a - a potion of magic
 c - 2 potions of invisibility
 d - a potion of cancellation
 i - a potion of might
 m - a potion of attraction {unknown}
 n - 2 potions of curing
 r - a potion of resistance
 t - a potion of ambrosia
 x - a potion of mutation
 z - 2 potions of lignification


   Skills:
 + Level 6.7 Fighting
 - Level 1.7 Dodging
 - Level 1.7 Stealth
 * Level 8.5 Spellcasting
 * Level 10.0 Conjurations


You had 22 spell levels left.
You knew the following spells:

 Your Spells              Type           Power      Damage    Failure   Level
a - Magic Dart            Conj           100%       1d8       1%          1
b - Searing Ray           Conj           100%       2d8       1%          2

Your spell library contained the following spells:

 Spells                   Type           Power      Damage    Failure   Level
 Dazzling Flash           Conj/Hex       64%        N/A       2%          3
 Hailstorm                Conj/Ice       32%        3d8       2%          3
 Freeze                   Ice            36%        1d5       7%          1
 Sting                    Tmut/Pois      36%        1d4       7%          1
 Fulminant Prism          Conj/Hex       16%        3d10      9%          4
 Iskenderun's Mystic Bla  Conj/Tloc      32%        2d8       9%          4
 Poisonous Vapours        Pois/Air       18%        N/A       10%         2
 Frozen Ramparts          Ice            18%        1d3       21%         3
 Olgreb's Toxic Radiance  Pois           9%         N/A       54%         4
 Petrify                  Tmut/Erth      9%         N/A       54%         4
 Metabolic Englaciation   Hex/Ice        4%         N/A       88%         5


Dungeon Overview and Level Annotations

Branches:
Dungeon (8/15)             Temple (1/1) D:5            Lair (0/5) D:8

Altars:
Ashenzari
Cheibriados
Dithmenos
Elyvilon
Fedhas
Gozag
Hepliaklqana
Kikubaaqudgha
Makhleb
Nemelex Xobeh
Qazlal
Ru
Sif Muna
Trog
Uskayaw
Vehumet
Wu Jian
Xom
Yredelemnul
Zin
The Shining One

Shops:
D:3 !

Annotations:
D:5 3 runed translucent doors, Persephone's ghost, amateur GrEE
D:6 3 runed translucent doors, Beryl's ghost, novice MeWn


Innate Abilities, Weirdness & Mutations

You can breathe wild blasts of lightning.
Your glossy black scales are hard. (AC +7)
You cannot fit into any form of body armour.
You are resistant to electric shocks. (rElec)
You are cold-blooded and may be slowed by cold attacks.


Message History

The cyan ugly thing gores you but does no damage.
You have got your breath back.
Press: ? - help, v - describe, . - travel
Here: a cyan ugly thing The floor.
Casting: Searing Ray (safe; 1% risk of failure)
Confirm with . or Enter, or press ? or * to list all spells.
Aiming: Searing Ray (safe; 1% risk of failure)
Press: ? - help, Shift-Dir - straight line, f - orc
Aim: an orc, wielding a +0 flail and wearing a +0 ring mail (85% to hit)
The searing ray hits the cyan ugly thing.
The cyan ugly thing is lightly wounded.
The searing ray misses the komodo dragon.
The searing ray hits the orc!
You kill the orc!
Sif Muna accepts your kill. (Press . to maintain the ray.)
The cyan ugly thing closely misses you.
The searing ray hits the cyan ugly thing.
The cyan ugly thing is lightly wounded.
The searing ray hits the komodo dragon.
The komodo dragon is severely wounded.
The cyan ugly thing gores you! The cyan ugly thing shocks you. You resist.
* * * LOW HITPOINT WARNING * * *
The searing ray hits the cyan ugly thing!
The cyan ugly thing is moderately wounded.
The searing ray hits the komodo dragon!
The komodo dragon is almost dead.
The cyan ugly thing gores you!
* * * LOW HITPOINT WARNING * * *
The cyan ugly thing shocks you. You resist.
* * * LOW HITPOINT WARNING * * *
The searing ray hits the cyan ugly thing!
The cyan ugly thing is heavily wounded.
The searing ray hits the komodo dragon!
You kill the komodo dragon!
Sif Muna accepts your kill.
You finish channelling your searing ray.
The cyan ugly thing gores you!
You die...

######################
#...........#...######
#.#########.#.#.###### #.#
####.#......### #.#
####.###.#..### #####.#
####.#......#.# #.....#
####.#?<....#.#######
#.....#########.#...............
#..........####@#.............##
#..........####u#..#..###.###.##
####.......####†#...........#.##
#.......####.).#######.#.#.##
#.......####>...#......#.#.##
#.......####.##.#.##...#.#.##
#.......# #.##.#.##...#.#.##
#.......####....#.##...#.#.##
##'#######).......##...#.#.#.


You could see a cyan ugly thing.

Vanquished Creatures
  A komodo dragon (D:7)
  Grinder (D:4)
  A wyvern (D:7)
  6 yaks
  Duvessa (D:6)
  2 water moccasins (D:7)
  An orc warrior (D:6)
  2 sky beasts
  A centaur (D:8)
  2 ogres
  A phantom (D:7)
  3 bullfrogs
  4 scorpions
  Dowan (D:6)
  5 wights (D:7)
  2 howler monkeys (D:8)
  A jelly (D:4)
  3 orc priests
  3 hounds
  4 iguanas
  7 orc wizards
  Robin (D:3)
  8 adders
  A shadow imp (D:6)
  3 white imps
  2 ufetubi (D:6)
  3 worms
  4 dart slugs
  36 orcs
  8 ball pythons
  8 bats
  7 endoplasms
  A giant cockroach (D:3)
  15 goblins
  10 hobgoblins
  3 jackals (D:1)
  3 quokkas
  5 frilled lizards
  7 kobolds
  7 rats
184 creatures vanquished.

Notes
Turn   | Place    | Note
-------+----------+-------------------------------------------
     0 | D:1      | Spaninq the Draconian Conjurer began the quest for the Orb.
     0 | D:1      | Reached XP level 1. HP: 14/14 MP: 3/3
   308 | D:1      | Reached XP level 2. HP: 12/22 MP: 3/5
   317 | D:1      | Learned a level 2 spell: Searing Ray
   474 | D:1      | Reached skill level 1 in Fighting
   690 | D:1      | Reached XP level 3. HP: 28/28 MP: 4/6
  1030 | D:2      | Found a faded altar of an unknown god.
  1247 | D:2      | Identified the +0 robe "Hesyf" {Harm rPois}
  1313 | D:2      | Reached XP level 4. HP: 35/35 MP: 2/8
  2491 | D:3      | Reached skill level 5 in Conjurations
  2491 | D:3      | Reached XP level 5. HP: 41/41 MP: 3/10
  2845 | D:3      | Found a shimmering blue altar of Sif Muna.
  2846 | D:3      | Found a sacrificial altar of Ru.
  2849 | D:3      | Found a hazy altar of Hepliaklqana.
  2849 | D:3      | Found an opulent altar of Gozag.
  2858 | D:3      | Became a worshipper of Sif Muna the Loreminder
  3029 | D:3      | Found Zualo's Distillery.
  3087 | D:3      | Noticed Robin
  3131 | D:3      | Killed Robin
  3347 | D:4      | Noticed a +0 dagger
  3347 | D:4      | Noticed a +0 short sword
  3348 | D:4      | Noticed a +0 dagger
  3349 | D:4      | Noticed a +0 short sword
  3350 | D:4      | Noticed a +0 falchion
  3350 | D:4      | Noticed a +0 spear
  3351 | D:4      | Noticed a +0 spear
  3352 | D:4      | Noticed a +0 falchion
  3357 | D:4      | Found a hide-covered altar of Uskayaw.
  3527 | D:4      | Found a sparkling altar of Nemelex Xobeh.
  3647 | D:4      | Found a burning altar of Makhleb.
  3668 | D:4      | Found a stormy altar of Qazlal.
  3675 | D:4      | Noticed Grinder
  3709 | D:4      | Reached * piety under Sif Muna
  3723 | D:4      | Found a blossoming altar of Fedhas.
  3953 | D:4      | Found a sparkling altar of Nemelex Xobeh.
  4123 | D:4      | Killed Grinder
  4124 | D:4      | Reached skill level 6 in Conjurations
  4124 | D:4      | Reached XP level 6. HP: 23/51 MP: 11/12
  4235 | D:5      | Entered Level 5 of the Dungeon
  4240 | D:5      | Found a staircase to the Ecumenical Temple.
  4261 | Temple   | Entered the Ecumenical Temple
  4357 | D:5      | Your scales start taking on a glossy black colour.
  4357 | D:5      | Reached XP level 7. HP: 57/57 MP: 12/14
  4357 | D:5      | Gained mutation: You are resistant to electric shocks.
                  | (rElec) [Black Draconian growth]
  4501 | D:5      | Reached skill level 5 in Spellcasting
  5030 | D:5      | Found a runed translucent gate.
  5030 | D:5      | Found a runed translucent gate.
  5030 | D:5      | Found a runed translucent gate.
  5031 | D:5      | Noticed Persephone's ghost (amateur GrEE)
  5352 | D:6      | Noticed Duvessa
  5352 | D:6      | Noticed Dowan
  5361 | D:6      | Killed Duvessa
  5362 | D:6      | Reached skill level 7 in Conjurations
  5367 | D:6      | Killed Dowan
  5368 | D:6      | Reached XP level 8. HP: 32/66 MP: 16/16
  5558 | D:6      | Reached ** piety under Sif Muna
  5812 | D:6      | Found a runed translucent gate.
  5812 | D:6      | Found a runed translucent gate.
  5815 | D:6      | Found a runed translucent gate.
  5815 | D:6      | Noticed Beryl's ghost (novice MeWn)
  6612 | D:7      | Reached skill level 5 in Fighting
  6612 | D:7      | Reached skill level 8 in Conjurations
  7070 | D:7      | Found a glowing golden altar of the Shining One.
  7115 | D:7      | Identified the +3 long sword of Wyrd {spect, *Rage rCorr
                  | Str+6}
  7187 | D:7      | Reached XP level 9. HP: 63/74 MP: 19/19
  7392 | D:7      | Found an ancient bone altar of Kikubaaqudgha.
  7792 | D:7      | Reached skill level 9 in Conjurations
  7939 | D:7      | Found a broken altar of Ashenzari.
  7941 | D:7      | Found a snail-covered altar of Cheibriados.
  7948 | D:7      | Found an ornate altar of the Wu Jian Council.
  8187 | D:8      | Noticed a cyan ugly thing
  8257 | D:8      | Found a staircase to the Lair.
  8533 | D:8      | HP: 1/78 [centaur/arrow (10)]
  8542 | D:7      | Reached *** piety under Sif Muna
  8723 | D:8      | Noticed a komodo dragon
  8725 | D:8      | Reached skill level 10 in Conjurations
  8741 | D:7      | Killed a komodo dragon
  8741 | D:7      | Slain by a cyan ugly thing

Illustrated notes

Levels and vault maps discovered:
D:1:      heliophobic_arrival_dark_side_of_the_moon, layout_loops_cross,
          roderic_roman_lattice, minivault_19, serial_bayou_lagoon_a
D:2:      minmay_recursive_quarters, layout_basic, basic_ecumenical_altar,
          serial_aquarium, aquarium_bridge_long_joined
          [aquarium_subvault_bridge, aquarium_subvault_balcony,
          aquarium_subvault_bridge, aquarium_subvault_bridge,
          aquarium_subvault_wall, aquarium_subvault_bridge],
          aquarium_window_fake, aquarium_window_1, aquarium_window_fake,
          aquarium_window_double, aquarium_view_2f
D:3:      layout_rooms, grunt_temple_overflow_open, serial_shops,
          nicolae_shop_real_fake_doors, kennysheep_another_room, uniq_robin
D:4:      layout_cave_pools, grunt_temple_overflow_forces_of_nature,
          mainiacjoe_overflow_cross_hatched, nicolae_uskayaw_en_pointe,
          nemelex_spade_bored_becter, uniq_grinder
D:5:      layout_basic, minmay_temple_entry_slanted, gammafunk_ghost_necromancy
D:6:      layout_loops_ring, serial_rivers, chequers_serial_rivers_large_a,
          chequers_serial_rivers_small_b, chequers_serial_rivers_small_3,
          chequers_serial_rivers_marsh, chequers_serial_rivers_room_a,
          chequers_serial_rivers_marsh, ebering_ghost_rock_garden, st_stairs_2,
          kennysheep_pointless_box, corexii_leaking_fountain,
          nicolae_elevator_lobby_plus, uniq_duvessa
D:7:      layout_basic, minitemple, tso_altar, mainiacjoe_overflow_alcove_4
D:8:      layout_cave_pools, david_lair_shrubbed, grunt_decor_arrowhead
Temple:   hellmonk_temple_two_chambers

Skill      XL: |  1  2  3  4  5  6  7  8  9 |
---------------+----------------------------+-----
Fighting       | 1 2 3 4 5 6 |  6.7
Spellcasting   | 3 4 5 7 8 |  8.5
Conjurations   | 5 6 7 8 10 | 10.0
Dodging        | |  1.7
Stealth        | |  1.7

Action                     |  1- 3 |  4- 6 |  7- 9 || total
---------------------------+-------+-------+-------++-------
  Melee: Unarmed           |    17 |       |       ||    17
         Whip              |    23 |    41 |   141 ||   205
         Tailslap          |     7 |     1 |    17 ||    25
         Punch             |     1 |       |     1 ||     2
   Cast: Magic Dart        |    36 |    73 |    44 ||   153
         Searing Ray       |     4 |    23 |    43 ||    70
Ability: Breathe Lightning |       |       |    12 ||    12
    Use: Potion            |       |       |     4 ||     4
         Scroll            |       |       |    15 ||    15
   Stab: Sleeping          |     1 |       |       ||     1
 Armour: Skin              |    38 |    37 |   166 ||   241
  Dodge: Dodged            |   101 |    50 |   121 ||   272
         Form:             |       |     1 |       ||     1
         Dragon            |       |     1 |       ||     1

Table legend: (Time is in decaauts)
 A = Elapsed time spent in this place.
 B = Non-inter-level travel time spent in this place.
 C = Inter-level travel time spent in this place.
 D = Time resting spent in this place.
 E = Time spent auto-exploring this place.
 F = Levels seen in this place.
 G = Mean time per level.
                   A        B        C        D        E       F      G
               +--------+--------+--------+--------+--------+-----+--------+
         Total |   8802 |   8510 |    292 |    687 |   6154 |   9 |  978.0 |
       Dungeon |   8784 |   8492 |    292 |    687 |   6154 |   8 | 1098.0 |
        Temple |     17 |     17 |      0 |      0 |      0 |   1 |   17.0 |
               +--------+--------+--------+--------+--------+-----+--------+

Top non-repeatable levels by time:
     D:7: 1850 daAuts
     D:6: 1561 daAuts
     D:2: 1388 daAuts
     D:1: 1021 daAuts
     D:4: 960 daAuts
     D:5: 941 daAuts
     D:3: 884 daAuts
     D:8: 175 daAuts
  Temple: 17 daAuts
